 Dungeon Crawl Stone Soup version 0.31-a0-1206-g41278d8d1d (webtiles) character file.

Game seed: 11558995962691632319

1 bmb222 the Ruffian (level 1, -1/13 HPs)
             Began as an Octopode Shapeshifter on Dec 13, 2023.
             Frozen to death by an endoplasm (5 damage)
             ... on level 1 of the Dungeon.
             The game lasted 00:00:01 (19 turns).

bmb222 the Ruffian (Octopode Shapeshifter)            Turns: 19, Time: 00:00:02

Health: -1/13      AC:  1    Str: 13    XL:     1   Next: 20%
Magic:  1/1        EV: 13    Int: 12    God:
Gold:   0          SH:  0    Dex: 11    Spells: 0/0 levels left

rFire   . .          .
                       - Unarmed
rCold   . . .        (no shield)
rNeg    . . .        (helmet currently unavailable)
rPois   .            (no amulet)
rElec   .            (no ring)
rCorr   .            (no ring)
SInv    .            (no ring)
Will    .....        (no ring)
Stlth   ++           (no ring)
HPRegen 0.22/turn    (no ring)
MPRegen 0.07/turn    (no ring)
                     (no ring)

%: no passive effects
@: beast-form
A: beast (slay +1), almost no armour, amphibious, 8 rings, camouflage 1,
gelatinous body 1, (nimble swimmer 1), tentacles
a: Begin Untransformation


You were on level 1 of the Dungeon.
You were a hulking beast.
You visited 1 branch of the dungeon, and saw 1 of its levels.

Inventory:

Talismans
 b - a beast talisman
 c - a flux talisman
Potions
 a - a potion of lignification


   Skills:
 + Level 1.0 Fighting
 + Level 2.0 Dodging
 + Level 3.1 Unarmed Combat
 + Level 3.0 Shapeshifting


You couldn't memorise any spells.
You didn't know any spells.
Your spell library was empty.

Dungeon Overview and Level Annotations

Branches:
Dungeon (1/15)

Altars:


Innate Abilities, Weirdness & Mutations

You are a hulking beast.
Your limbs bulge with bestial killing power. (Slay +1)
You cannot wear most types of armour.
You are amphibious.
You can wear up to eight rings at the same time.
Your skin changes colour to match your surroundings (Stealth+).
Your rubbery body absorbs attacks. (AC +1, EV +1)
((You are camouflaged when in or above water. (Stealth+)))
You have tentacles for arms and can constrict up to eight enemies at once.


Message History

You open the door.
A ball python comes into view.
Found a scroll labelled BENAFF ID NUFE.
The ball python hisses angrily.
An endoplasm comes into view.
There is an open door here.
Found a scroll labelled BENAFF ID NUFE and 4 large rocks.
There are monsters nearby!
There are monsters nearby!
You completely miss the ball python. You grab the ball python.
You constrict the ball python. The ball python bites you.
The ball python grabs you. The ball python constricts you.
There are monsters nearby!
You tentacle-slap the ball python.
You kill the ball python!
An endoplasm is nearby!
An endoplasm is nearby!
The endoplasm hits you.
An endoplasm is nearby!
You tentacle-slap the endoplasm.
The endoplasm is moderately wounded.
The endoplasm freezes you.
You are frozen.
An endoplasm is nearby!
You are too injured to fight recklessly!
An endoplasm is nearby!
You are too injured to fight recklessly!
An endoplasm is nearby!
You are too injured to fight recklessly!
An endoplasm is nearby!
You are too injured to fight recklessly!
An endoplasm is nearby!
You are too injured to fight recklessly!
An endoplasm is nearby!
An endoplasm is nearby!
You are too injured to fight recklessly!
Unknown command.
The endoplasm freezes you.
You are frozen.
You die...

~P..~~.P~#####
.~~≈≈≈≈≈≈≈≈≈≈
P≈≈≈≈≈≈≈≈≈≈≈≈
≈≈≈≈≈~P~~≈≈≈
~P~~~~..~.####
..........~..#
.......$.....#
###.h?###.#
#....J....#
#+###'#.?##.###
#.~#~.#.....#
#.~~~.#..####
#.~8~.#..#
#.....#..#
#♣...♣#.(.
#P♣.♣P#...


You could see an endoplasm.

Vanquished Creatures
  A ball python (D:1)
1 creature vanquished.

Notes
Turn   | Place    | Note
-------+----------+-------------------------------------------
     0 | D:1      | bmb222 the Octopode Shapeshifter began the quest for the
                  | Orb.
     0 | D:1      | Reached XP level 1. HP: 13/13 MP: 1/1
    19 | D:1      | Frozen to death by an endoplasm

Illustrated notes

Levels and vault maps discovered:
D:1:      tarquinn_simple_flora_water_d, layout_rooms, chequers_big_river

Action                     || total
---------------------------++-------
  Melee: Unarmed           ||     3
         Constrict         ||     1
 Armour: Skin              ||     2

Table legend: (Time is in decaauts)
 A = Elapsed time spent in this place.
 B = Non-inter-level travel time spent in this place.
 C = Inter-level travel time spent in this place.
 D = Time resting spent in this place.
 E = Time spent auto-exploring this place.
 F = Levels seen in this place.
 G = Mean time per level.
                   A        B        C        D        E       F      G
               +--------+--------+--------+--------+--------+-----+--------+
         Total |     18 |     18 |      0 |      0 |     12 |   1 |   18.0 |
       Dungeon |     18 |     18 |      0 |      0 |     12 |   1 |   18.0 |
               +--------+--------+--------+--------+--------+-----+--------+

Top non-repeatable levels by time:
     D:1: 18 daAuts
